 Dungeon Crawl Stone Soup version 0.30.0-29-ga12c61a403 (webtiles) character file.

Game seed: 5171262338932964276

457 BONEBRO the Changer (level 6, -2/28 HPs)
             Began as a Spriggan Fire Elementalist on June 22, 2023.
             Slain by an orc wizard
             ... wielding a +2 dagger of electrocution
              (17 damage)
             ... on level 3 of the Dungeon.
             The game lasted 00:24:45 (4084 turns).

BONEBRO the Changer (Spriggan Fire Elementalist)    Turns: 4084, Time: 00:25:06

Health: -2/28      AC:  2    Str:  4    XL:     6   Next: 77%
Magic:  9/11       EV: 17    Int: 17    God:
Gold:   130        SH:  0    Dex: 17    Spells: 9/10 levels left

rFire   . . .        t - +2 dagger (venom)
rCold   . . .        (no shield)
rNeg    . . .        a - +0 robe
rPois   .            (helmet restricted)
rElec   .            (no cloak)
rCorr   .            (gloves unavailable)
SInv    +            (boots unavailable)
Will    +....        (no amulet)
Stlth   ++           (no ring)
HPRegen 0.24/turn    (no ring)
MPRegen 0.12/turn

%: no passive effects
@: very quick
A: very small, no large weapons, unfitting armour, see invisible, speed 3
a: no special abilities


You were on level 3 of the Dungeon.
You visited 1 branch of the dungeon, and saw 3 of its levels.

You collected 130 gold pieces.

Inventory:

Hand Weapons
 j - a +0 dagger
 p - a +0 mace
 t - a +2 dagger of venom (weapon)
Missiles
 n - 2 silver javelins
Armour
 a - a +0 robe (worn)
 c - a +0 helmet
 o - a +0 leather armour
Scrolls
 b - a scroll of noise {unknown}
 g - a scroll of enchant armour {unknown}
 h - a scroll of poison {unknown}
 k - 2 scrolls of identify {unknown}
 m - a scroll of torment {unknown}
 q - a scroll of fear {unknown}
 r - a scroll of amnesia {unknown}
 s - a scroll of blinking {unknown}
 u - a scroll of teleportation {unknown}
Potions
 d - a potion of berserk rage
 e - 2 potions of brilliance {unknown}
 f - a potion of magic
 i - a potion of curing
 l - a potion of degeneration {unknown}


   Skills:
 - Level 3.8 Ranged Weapons
 - Level 2.6 Dodging
 - Level 3.0 Stealth
 - Level 2.6 Spellcasting
 - Level 0.6 Conjurations
 + Level 7.5 Transmutations
 - Level 2.4 Fire Magic


You had 9 spell levels left.
You knew the following spells:

 Your Spells              Type           Power      Damage    Failure   Level
a - Foxfire               Conj/Fire      28%        2x1d5     10%         1

Your spell library contained the following spells:

 Spells                   Type           Power      Damage    Failure   Level
 Scorch                   Fire           20%        2d6       10%         2
 Blink                    Tloc           4%         N/A       26%         2
 Inner Flame              Hex/Fire       6%         N/A       32%         3
 Volatile Blastmotes      Fire/Tloc      12%        2d11      32%         3
 Flame Wave               Conj/Fire      7%         2d5       67%         4
 Manifold Assault         Tloc           2%         N/A       87%         4
 Iskenderun's Battlesphe  Conj           4%         2d6       98%         5
 Iron Shot                Conj/Erth      1%         9d1       100%        6
 Spellforged Servitor     Conj/Summ      1%         N/A       100%        7
 Storm Form               Tmut/Air       7%         N/A       100%        7


Dungeon Overview and Level Annotations

Branches:
Dungeon (3/15)

Altars:


Innate Abilities, Weirdness & Mutations

You are very small and have problems with some larger weapons.
You are too small for most types of armour.
You have supernaturally acute eyesight. (SInv)
You cover ground extremely quickly. (Speed+++)


Message History

You conjure some foxfire!
The foxfire hits the orc.
The orc is almost dead.
The foxfire hits the orc.
You kill the orc!
You conjure some foxfire!
You hit the orc.
The orc is poisoned.
The orc is severely wounded.
You kill the orc!
There is a large open door here.
Things that are here:
a +0 dagger; a +0 ring mail Your foxfire dissipates!
An orc comes into view. It is wielding a +0 club.
The orc shouts!
You hear a shout!
An orc wizard comes into view.
It is wielding a +2 dagger of electrocution.
An orc comes into view. It is wielding a +0 flail.
There is a large open door here.
You conjure some foxfire!
The orc wizard shouts!
You hear a shout! x2
The foxfire hits the orc wizard.
The orc wizard is lightly wounded.
You barely miss the orc wizard.
The orc wizard is lightly wounded.
The orc wizard barely misses you.
You barely miss the orc wizard.
The orc wizard is lightly wounded.
The orc wizard hits you with a +2 dagger of electrocution.
You are electrocuted!
An orc comes into view.
It is wielding a +0 club and wearing a +1 ring mail of positive energy.
You closely miss the orc wizard.
The orc wizard is lightly wounded.
The orc wizard completely misses you.
You closely miss the orc wizard.
The orc wizard is lightly wounded.
A gnoll comes into view. It is wielding a +0 spear.
The orc wizard hits you but does no damage.
You are electrocuted!
Ouch! That really hurt!
You die...

### ######################
#.#.......).#8..8#....
#.#.........'....§..8#
#.'.........)....'..8#
#.#...v.....#....#...
'####''#######.)..#
#.......@# #....#
#.o.o...o# #....#
#'#.....og #....# .
#############.'''###### o.
#......................
####~~~~~~~≈≈~~~....~~~~~~
≈≈≈≈≈≈≈≈≈≈≈≈≈≈~~....~~≈≈≈≈
~~~~≈~~~~~~~≈~~....~~~~~~
........................


You could see an orc wizard, a gnoll and 3 orcs.

Vanquished Creatures
  A kobold brigand (D:3)
  2 howler monkeys (D:3)
  2 hounds (D:3)
  A gnoll bouda (D:3)
  3 orc wizards (D:3)
  2 adders
  3 gnolls (D:3)
  A worm (D:3)
  16 orcs (D:3)
  7 ball pythons
  8 bats
  3 endoplasms (D:2)
  A giant cockroach (D:2)
  3 goblins
  4 hobgoblins
  15 jackals
  3 quokkas (D:1)
  3 kobolds (D:2)
  3 rats
81 creatures vanquished.

Vanquished Creatures (others)
  213 foxfires
213 creatures vanquished.

Grand Total: 294 creatures vanquished

Notes
Turn   | Place    | Note
-------+----------+-------------------------------------------
     0 | D:1      | BONEBRO the Spriggan Fire Elementalist began the quest for
                  | the Orb.
     0 | D:1      | Reached XP level 1. HP: 9/9 MP: 5/5
    34 | D:1      | You fall into a shaft and drop 1 floor!
   102 | D:1      | Reached skill level 1 in Ranged Weapons
   453 | D:1      | Reached XP level 2. HP: 13/13 MP: 3/6
  1515 | D:2      | Found a faded altar of an unknown god.
  1585 | D:2      | Reached XP level 3. HP: 14/16 MP: 5/8
  2418 | D:3      | Reached XP level 4. HP: 20/21 MP: 4/9
  2927 | D:3      | Reached skill level 2 in Transmutations
  3025 | D:3      | Reached skill level 3 in Transmutations
  3025 | D:3      | Reached XP level 5. HP: 17/24 MP: 2/10
  3340 | D:3      | Reached skill level 4 in Transmutations
  3763 | D:3      | Reached skill level 5 in Transmutations
  3781 | D:3      | Reached XP level 6. HP: 24/28 MP: 9/11
  3802 | D:3      | Reached skill level 6 in Transmutations
  3921 | D:3      | Reached skill level 7 in Transmutations
  4084 | D:3      | Slain by an orc wizard

Illustrated notes

Levels and vault maps discovered:
D:1:      psy_arrival_dodecagon, layout_basic
D:2:      layout_basic, shapermc_ecumenical_altar_flowoftime
D:3:      lemuel_castle_with_subvaults [lemuel_castle_interior_carwin_2],
          layout_basic, nicolae_figureground_sparkle

Skill      XL: |  1  2  3  4  5  6 |
---------------+-------------------+-----
Ranged Weapons | 1 2 3 |  3.8
Transmutations | 3 5 7 |  7.5
Dodging        | |  2.6
Stealth        | |  3.0
Spellcasting   | |  2.6
Conjurations   | |  0.6
Fire Magic     | |  2.4

Action                     |  1- 3 |  4- 6 || total
---------------------------+-------+-------++-------
  Melee: Unarmed           |    65 |       ||    65
         Punch             |     1 |     1 ||     2
         Dagger            |    73 |    93 ||   166
   Cast: Foxfire           |    69 |    95 ||   164
    Use: Potion            |     1 |     2 ||     3
   Stab: Sleeping          |     3 |       ||     3
 Armour: Robe              |    16 |     6 ||    22
  Dodge: Dodged            |   122 |    84 ||   206
